 Dungeon Crawl Stone Soup version 0.22-a0-93-g6b88ebb (webtiles) character file.

173 Kavrick the Vandal (level 5, 9/25 HPs)
             Began as a Spriggan Hunter on Jan 24, 2018.
             Quit the game on level 4 of the Dungeon.
             The game lasted 00:04:29 (2926 turns).

Kavrick the Vandal (Spriggan Hunter)                Turns: 2926, Time: 00:04:31

Health: 9/25       AC:  2    Str:  8    XL:     5   Next: 28%
Magic:  6/6        EV: 20    Int: 13    God:
Gold:   234        SH:  0    Dex: 17    Spells: 4/4 levels left

rFire    . . .     SeeInvis +   a - +1 hunting sling
rCold    . . .     Gourm    .   (shield restricted)
rNeg     . . .     Faith    .   c - +0 robe
rPois    .         Spirit   .   (helmet restricted)
rElec    .         Reflect  .   (no cloak)
rCorr    .         Harm     .   (gloves unavailable)
MR       .....                  (boots unavailable)
Stlth    +++.......             (no amulet)
HPRegen  0.08/turn              (no ring)
MPRegen  0.10/turn              (no ring)

@: very quick
A: very small, unfitting armour, see invisible, herbivore, speed 3, slow
metabolism 2
a: no special abilities


You were on level 4 of the Dungeon.
You were not hungry.

You visited 1 branch of the dungeon, and saw 4 of its levels.

You collected 234 gold pieces.

Inventory:

Hand Weapons
 a - a +1 hunting sling (weapon)
 b - a +0 short sword
Missiles
 d - 31 sling bullets
 h - a stone (quivered)
Armour
 c - a +0 robe (worn)
Jewellery
 s - a +5 ring of protection {unknown}
Wands
 r - a wand of random effects (21)
Scrolls
 g - 2 scrolls of teleportation {unknown}
 i - a scroll of magic mapping {unknown}
 l - 2 scrolls of remove curse {unknown}
 m - a scroll of fear {unknown}
 n - a scroll of fog {unknown}
 o - a scroll of amnesia {unknown}
 p - a scroll of blinking {unknown}
 q - 4 scrolls of identify {unknown}
Potions
 e - 4 potions of might {unknown}
 j - 2 potions of curing {unknown}
 k - a potion of brilliance {unknown}
 t - a potion of flight {unknown}
 u - a potion of invisibility {unknown}
Comestibles
 f - 14 rations


   Skills:
 - Level 1.5 Fighting
 * Level 6.5 Slings
 + Level 4.7 Dodging
 + Level 4.3 Stealth


You had 4 spell levels left.
You didn't know any spells.

Dungeon Overview and Level Annotations

Branches:
Dungeon (4/15)
 Temple: D:4-7

Altars:
Elyvilon
Gozag
Trog
Wu Jian
Yredelemnul
The Shining One

Annotations:
D:4 Kavrick's ghost, novice KoGl


Innate Abilities, Weirdness & Mutations

You are very small and have problems with some larger weapons.
You are too small for most types of armour.
You have supernaturally acute eyesight. (SInv)
You are a herbivore.
You cover ground extremely quickly.
You need consume almost no food.


Message History

You are too injured to fight recklessly!
You are too injured to fight recklessly!
You are too injured to fight recklessly!
You are too injured to fight recklessly!
You are too injured to fight recklessly!
You are too injured to fight recklessly!
You are too injured to fight recklessly!
You are too injured to fight recklessly!
Really attack while wielding your +1 hunting sling? [Y]es or [N]o only, please.
Really attack while wielding your +1 hunting sling? [Y]es or [N]o only, please.
Really attack while wielding your +1 hunting sling?
Okay, then.
Kavrick's ghost hits you.
You see here 2 stones.
You see here a stone.
You see here a stone.
You see here 3 stones.
Are you sure you want to abandon this character and quit the game? (Confirm with "yes".)

. #.#...(### #
########.#..(...##
..#.....##.#.#(.#..#
.........#.#^#..#.##
..............W(..#
............(..####
(....(..[.#...(#
...((.....#..#(#
..(.......#.(#@###
(.........##.[(..#
.........###...#.#
........###..(##.#
...###### #...##.#
.#. # #...##.# ..##
#..###.#
....###..###.#
#....#....##.#


You could see Kavrick's ghost.

Vanquished Creatures
  A jelly (D:3)
  A worker ant (D:4)
  5 adders
  2 worms (D:2)
  2 dart slugs
  2 leopard geckos
  3 orcs
  4 giant cockroaches
  4 goblins
  10 hobgoblins
  8 kobolds
  3 quokkas
  7 bats
  3 frilled lizards
  A jackal skeleton (D:2)
  8 rats
64 creatures vanquished.

Notes
Turn   | Place    | Note
-------+----------+-------------------------------------------
     0 | D:1      | Kavrick the Spriggan Hunter began the quest for the Orb.
     0 | D:1      | Reached XP level 1. HP: 10/10 MP: 2/2
   118 | D:1      | Reached skill level 5 in Slings
   172 | D:1      | Reached XP level 2. HP: 14/14 MP: 3/3
   862 | D:2      | Reached XP level 3. HP: 18/18 MP: 4/4
   880 | D:2      | Found a glowing golden altar of the Shining One.
  1332 | D:2      | Reached XP level 4. HP: 21/22 MP: 5/5
  1535 | D:2      | Reached skill level 6 in Slings
  1823 | D:3      | Found an opulent altar of Gozag.
  2018 | D:3      | Reached XP level 5. HP: 25/25 MP: 6/6
  2167 | D:3      | Found a bloodstained altar of Trog.
  2232 | D:3      | Found an ornate altar of the Wu Jian Council.
  2284 | D:3      | Found a basalt altar of Yredelemnul.
  2338 | D:3      | Found a white marble altar of Elyvilon.
  2841 | D:4      | Noticed Kavrick's ghost (novice KoGl)
  2926 | D:4      | Quit the game

Vault maps used:
D:1:      minmay_arrival_three_doors, minmay_pentomino_q2
D:2:      lemuel_doored_altar
D:3:      kennysheep_ying_yang, lemuel_crystal_altar, lemuel_crystal_altar,
          grunt_temple_overflow_diamond, bloody_trog

Skill      XL: |  1  2  3  4 |
---------------+-------------+-----
Slings         | 5 6 |  6.5
Stealth        | 2 3 4 |  4.3
Dodging        | 4 |  4.7
Fighting       | |  1.5

Action                   |  1- 3 |  4- 6 || total
-------------------------+-------+-------++-------
 Fire: Hunting sling     |   130 |   219 ||   349
Armor: Robe              |     3 |     3 ||     6
Dodge: Dodged            |    32 |    63 ||    95

Table legend:
 A = Spawn XP
 B = Non-spawn XP
 C = Spawn XP percentage of total XP
 D = Spawn monster count
 E = Non-spawn monster count
 F = Spawn count percentage of total count
 G = Total turns spent on level
                    A         B        C        D         E        F      G
               +---------+---------+-------+---------+---------+-------+---------
         Total |       0 |     248 |   0.0 |       0 |      64 |   0.0 |  2926
               +---------+---------+-------+---------+---------+-------+---------
           D:1 |       0 |      37 |   0.0 |       0 |      21 |   0.0 |   853
           D:2 |       0 |      96 |   0.0 |       0 |      25 |   0.0 |   937
           D:3 |       0 |      75 |   0.0 |       0 |      14 |   0.0 |   659
           D:4 |       0 |      40 |   0.0 |       0 |       4 |   0.0 |   477
               +---------+---------+-------+---------+---------+-------+---------
